 Dungeon Crawl Stone Soup version 0.15.2 (webtiles) character file.

158594 Yazd the Arsonist (level 16, -5/128 HPs)
             Began as a Demigod Fire Elementalist on Jan 4, 2015.
             Slain by a wolf spider (13 damage)
             ... while paralysed
             ... on Level 3 of the Spider Nest on July 12, 2015.
             The game lasted 06:31:46 (66795 turns).

Yazd the Arsonist (Demigod Fire Elementalist)      Turns: 66795, Time: 06:31:47

HP  -5/128       AC 13     Str 13      XL: 16   Next: 59%
MP   5/29        EV  2     Int 29      God:
Gold 2630        SH  0     Dex 20      Spells:  8 memorised,  2 levels left

rFire  + + .     SeeInvis +     b - +3 whip (pain)
rCold  x . .     Clarity  +     d - +3 leather armour {rPois}
rNeg   + . .     rCorr    .     M - +0 buckler
rPois  +         rRot     .     Z - +0 helmet {SInv}
rElec  .         Spirit   .     p - +0 cloak
SustAb .         Warding  +     W - +2 pair of gloves {archery}
rMut   .         Stasis   .     w - +0 pair of boots
Gourm  .                        T - amulet of warding
MR     ++...                    Y - ring "Xoewol Asime" {rF+ MR+ Dex+3}
                                J - ring of fire

@: paralysed, lethally poisoned, exhausted, slowed, very resistant to hostile
enchantments, fairly stealthy
A: clarity, low mp 1
a: no special abilities


You were on level 3 of the Spider Nest.
You were very hungry.

You visited 5 branches of the dungeon, and saw 31 of its levels.
You also visited: Labyrinth.

You collected 3328 gold pieces.
You spent 698 gold pieces at shops.

Inventory:

Hand weapons
 b - a +3 whip of pain (weapon)
 U - a +2 mace of holy wrath
Missiles
 F - 8 javelins (quivered)
Armour
 d - a +3 leather armour of poison resistance (worn)
 p - a +0 cloak (worn)
 w - a +0 pair of boots (worn)
 M - a +0 buckler (worn)
 W - a +2 pair of gloves of archery (worn)
 Z - a +0 helmet of see invisible (worn)
Magical devices
 i - a wand of draining (6)
 R - a wand of digging (13)
 X - a wand of slowing (10)
Comestibles
 c - 13 bread rations
 h - a rotting chunk of spider flesh
 u - 21 meat rations
Scrolls
 l - 3 scrolls of vulnerability
 n - a scroll of holy word
 q - 2 scrolls of summoning
 s - a scroll of noise
 x - 3 scrolls of teleportation
 y - a scroll of fear
 z - 3 scrolls of fog
 H - 2 scrolls of identify
 P - 7 scrolls of blinking
 S - 8 scrolls of remove curse
 V - 2 scrolls of magic mapping
Jewellery
 f - an uncursed ring of teleport control
 m - an uncursed ring of protection from magic
 D - an uncursed ring of wizardry
 J - a ring of fire (left hand)
 K - an uncursed ring of protection from fire
 O - an uncursed amulet of resist mutation
 T - an amulet of warding (around neck)
 Y - the ring "Xoewol Asime" (right hand) {rF+ MR+ Dex+3}
   (You took it off a minotaur in a labyrinth)

   [ring of protection from magic]

   It affects your dexterity (+3).
   It protects you from fire.
   It affects your resistance to hostile enchantments.
Potions
 e - 2 potions of heal wounds
 g - 3 potions of restore abilities
 j - 3 potions of brilliance
 k - 4 potions of haste
 r - 3 potions of magic
 t - a potion of might
 v - 3 potions of flight
 B - 12 potions of curing
 E - 2 potions of agility
 G - 4 potions of cancellation
 I - a potion of cure mutation
 N - 2 potions of resistance
 Q - 3 potions of invisibility
Books
 C - a book of Wizardry

   Spells                             Type                      Level
   Agony                              Necromancy                   5
   Force Lance                        Conjuration                  5
   Dispersal                          Translocation                6
   Haste                              Charms                       6
   Invisibility                       Hexes                        6
   Spellforged Servitor               Conjuration/Summoning        7
Magical staves
 a - an uncursed staff of fire
Miscellaneous
 A - a phial of floods


   Skills:
 - Level 8.0 Fighting
 - Level 12.0 Maces & Flails
 - Level 3.4 Armour
 + Level 11.0 Dodging
 - Level 5.1 Stealth
 - Level 7.2 Shields
 - Level 7.0 Spellcasting
 - Level 13.0 Conjurations
 - Level 7.0 Necromancy
 - Level 13.6 Fire Magic


You had 2 spell levels left.
You knew the following spells:

 Your Spells              Type           Power        Failure   Level  Hunger
a - Throw Flame           Conj/Fire      ######       1%          2    None
b - Bolt of Fire          Conj/Fire      #######...   3%          6    ######.
c - Conjure Flame         Conj/Fire      #######.     1%          3    None
d - Sticky Flame          Conj/Fire      #######.     1%          4    ##.....
e - Dazzling Spray        Conj/Hex       #####...     1%          3    None
f - Fireball              Conj/Fire      #######...   1%          5    ####...
g - Animate Skeleton      Necr           N/A          1%          1    None
h - Vampiric Draining     Necr           ######....   1%          3    None


Dungeon Overview and Level Annotations

Branches:
Dungeon (15/15)            Temple (1/1) D:5             Orc (4/4) D:11
    Elf (0/3) Orc:4          Lair (8/8) D:11         Shoals (0/5) Lair:3
 Spider (3/5) Lair:3        Slime (0/6) Lair:8       Vaults (0/5) D:13
 Depths (0/5) D:15

Shops:
D:11 *   D:13 =   Orc:1 ((}   Orc:4 [:(!(


Innate Abilities, Weirdness & Mutations

You possess an exceptional clarity of mind.
Your magical capacity is low (-10% MP).


Message History

The worker ant bites you.
The soldier ant stings you but does no damage.
You feel sick. The wolf spider hits you!! The wolf spider bites you.
The worker ant bites you but does no damage.
The soldier ant stings you!
* * * LOW HITPOINT WARNING * * *
You feel sick. The wolf spider barely misses you. The wolf spider bites you!
* * * LOW HITPOINT WARNING * * *
The worker ant bites you but does no damage.
The wolf spider hits you.
* * * LOW HITPOINT WARNING * * *
The wolf spider bites you!
* * * LOW HITPOINT WARNING * * *
You are lethally poisoned!
The wolf spider poisons you!
The soldier ant stings you but does no damage.
* * * LOW HITPOINT WARNING * * *
You feel very sick. The wolf spider hits you!
You die...

## # #. .#. .. .
#...##. .(#. . .....
..... .[.#..a ##....#.
^......a##.#.#... .
#.....as@..#.#.##..# .
..###..a#%#...........#
#..#.^#.#......##....
....
#..#..#...##.#^.... ...
...#.##^# ##...#.##
#.##..## #.####...#....
#.#^#. ##.#.#.#......#
#
#.#.####?##.......###.
#..
#......#....^....#^.#


You could see a wolf spider, a soldier ant and 3 worker ants.

Vanquished Creatures
  Rupert (Lair:3)
  Frances (Spider:2)
  Maud (Spider:1)
  Azrael (Spider:1)
  A fire dragon (Lair:8)
  A minotaur (Lab)
  Josephine (D:13)
  The ghost of emiel the Impaler, a mighty NaBe of Trog (D:14)
  The ghost of Gartch the Covert, a powerful SpEn of Makhleb (Lair:1)
  Erica (Lair:8)
  5 hydras
  3 death yaks (Lair:7)
  5 tengu warriors
  A centaur warrior (D:13)
  A catoblepas (Lair:3)
  6 orc high priests
  A deep elf knight (D:13)
  4 skeletal warriors (D:15)
  9 orb spiders
  2 unseen horrors
  11 hill giants
  A death drake (Lair:4)
  2 lindwurms (Lair:8)
  The ghost of Yazd the Cleaver, an experienced HOGl of Beogh (D:7)
  Erolcha (Orc:2)
  Pikel (D:7)
  2 deep elf conjurers (D:15)
  A necromancer (D:15)
  8 orc knights
  An orc sorcerer (D:15)
  2 wizards
  5 griffons
  11 ugly things
  A moth of wrath (Spider:2)
  11 wolf spiders
  2 centaur zombies
  A mermaid (shapeshifter) (D:13)
  6 elephants (Lair:8)
  5 cyclopes
  Joseph (D:8)
  A gargoyle (D:11)
  A queen ant (Spider:3)
  8 black mambas
  24 spiny frogs
  5 kobold demonologists
  7 demonic crawlers
  16 komodo dragons
  An efreet (D:13)
  2 yaktaurs
  Grinder (D:7)
  A merfolk (shapeshifter) (D:14)
  11 fire drakes
  A hydra zombie (D:15)
  6 trolls
  2 giant leeches (Lair:8)
  38 jumping spiders
  A griffon zombie (D:13)
  Prince Ribbit (D:7)
  2 hydra skeletons (D:13)
  10 two-headed ogres
  A boulder beetle (Lair:3)
  7 ravens
  A centaur simulacrum (D:13)
  3 basilisks
  A shadow (D:15)
  A griffon skeleton (D:14)
  15 redbacks
  31 blink frogs
  7 trapdoor spiders
  2 wyverns
  23 hippogriffs
  2 vampires (D:13)
  2 deep elf magi
  Eustachio (Orc:2)
  5 vampire mosquitoes
  2 wraiths
  56 yaks
  13 tarantellas
  4 fire elementals (Spider:1)
  4 hungry ghosts
  A golden eye (shapeshifter) (D:13)
  9 swamp worms (Lair:4)
  A wolf (shapeshifter) (D:13)
  Edmund (D:4)
  14 wolves
  2 tengu zombies
  3 hell hounds (Spider:1)
  4 wargs
  6 soldier ants
  2 tengu skeletons (D:14)
  18 spiders
  24 water moccasins
  12 porcupines
  47 orc warriors
  3 sky beasts
  7 mottled dragons
  4 ice beasts
  3 black bears
  3 phantoms
  23 ogres
  8 centaurs
  2 manticore skeletons
  A necrophage (D:13)
  Sigmund (D:5)
  Duvessa (D:4)
  A boring beetle (Lair:5)
  4 big kobolds
  4 brain worms (Lair:8)
  29 crocodiles
  22 giant frogs
  A gnoll sergeant (D:10)
  2 cyclops zombies
  5 scorpions
  A cyclops skeleton (D:15)
  A boulder beetle zombie (D:15)
  11 killer bees
  11 wights
  7 jellies
  Dowan (D:3)
  3 crimson imps
  46 orc priests
  A giant frog zombie (D:5)
  2 goliath beetles (D:7)
  2 giant frog skeletons
  11 iguanas
  A basilisk skeleton (D:14)
  2 centaur skeletons
  3 elf skeletons
  4 kobold skeletons (D:13)
  16 hounds
  33 orc wizards
  13 orange rats
  20 worker ants
  2 ogre zombies
  20 sheep
  A sky beast zombie (D:5)
  A mottled dragon skeleton (D:14)
  An ogre skeleton (D:11)
  A hound zombie (D:5)
  A mummy (D:12)
  38 adders
  7 gnolls
  A mottled dragon simulacrum (D:13)
  A shadow imp (D:15)
  61 green rats
  6 giant mites (Lair:7)
  A goliath beetle zombie (D:7)
  30 worms
  An adder zombie (D:8)
  2 oozes
  212 orcs
  A ball python (D:4)
  A bat skeleton (D:4)
  8 giant cockroaches
  21 hobgoblins
  13 jackals
  14 quokkas
  18 bats
  8 giant geckos
  A giant gecko skeleton (D:6)
  4 giant newts
  2 giant spores
  26 goblins
  29 kobolds
  A kobold zombie (D:5)
  18 rats
  A rat zombie (D:6)
  7 ballistomycetes (D:13)
  5 fungi
  12 plants
1475 creatures vanquished.

Vanquished Creatures (collateral kills)
  A fire dragon (Lair:8)
  An unseen horror (D:12)
  An orc knight (Orc:3)
  2 ugly things
  2 griffons
  2 wolf spiders
  An efreet (D:12)
  A redback zombie (D:15)
  2 komodo dragons
  A boulder beetle (Lair:8)
  A trapdoor spider (Spider:2)
  4 yaks
  2 vampire mosquitoes
  A porcupine (Lair:3)
  2 mottled dragons
  An ice beast (D:15)
  3 orc warriors
  4 ogres
  A giant frog (Lair:3)
  A wight (D:15)
  2 hippogriff skeletons (D:13)
  An eye of draining (D:13)
  A crimson imp (D:12)
  A hound (Lair:1)
  4 orc priests
  An elf zombie (D:12)
  An orc wizard (Orc:3)
  An adder (Lair:3)
  21 orcs
  2 hobgoblins (Orc:3)
  3 goblins
  3 kobolds (D:13)
  3 ballistomycetes (D:13)
78 creatures vanquished.

Vanquished Creatures (others)
  A fire drake (Lair:8)
  An elf skeleton (D:13)
  2 hill giant skeletons (D:13)
  2 raven skeletons
  A spiny frog skeleton (Lair:8)
  A slave (D:7)
  3 blink frog skeletons (Lair:8)
  A yaktaur skeleton (D:15)
  A warg skeleton (Orc:4)
  A hippogriff skeleton (D:14)
  4 yak skeletons
  A giant frog skeleton (D:15)
  A kobold skeleton (D:13)
  A basilisk skeleton (D:15)
  4 two-headed ogre skeletons
  A worker ant (D:7)
  2 centaur skeletons (D:13)
  A necrophage skeleton (D:13)
  A mottled dragon skeleton (D:11)
  7 ogre skeletons
  An adder (D:7)
  2 sheep skeletons (D:15)
  A giant gecko (D:3)
  2 goblin skeletons (Orc:3)
  80 orc skeletons
  A bush (Lair:8)
  23 fungi
  36 plants
183 creatures vanquished.

Grand Total: 1736 creatures vanquished

Notes
Turn   | Place    | Note
--------------------------------------------------------------
     0 | D:1      | Yazd, the Demigod Fire Elementalist, began the quest for the Orb.
     0 | D:1      | Reached XP level 1. HP: 14/14 MP: 3/3
    82 | D:1      | Reached skill level 1 in Conjurations
   706 | D:1      | Reached XP level 2. HP: 20/20 MP: 0/4
  1425 | D:1      | Reached skill level 3 in Fire Magic
  1959 | D:1      | Reached XP level 3. HP: 9/26 MP: 0/8
  1985 | D:1      | HP: 1/26 [poisoned by an adder]
  2358 | D:2      | Learned a level 3 spell: Conjure Flame
  2655 | D:2      | Found a deep blue altar of Sif Muna.
  2656 | D:2      | Found a stormy altar of Qazlal.
  2996 | D:2      | Noticed a moth of wrath
  2997 | D:2      | Found a bloodstained altar of Trog.
  3823 | D:3      | Reached XP level 4. HP: 33/33 MP: 6/10
  4103 | D:4      | Noticed a hippogriff
  4292 | D:4      | Noticed an ogre
  4310 | D:4      | Killed an ogre
  4310 | D:4      | Reached skill level 4 in Fire Magic
  4310 | D:4      | Reached XP level 5. HP: 38/38 MP: 3/12
  4380 | D:4      | Learned a level 4 spell: Sticky Flame
  4515 | D:4      | Noticed Dowan
  4541 | D:4      | Noticed Duvessa
  4727 | D:4      | Noticed a phantom
  5114 | D:3      | Found a shadowy altar of Dithmenos.
  5120 | D:3      | Found a burning altar of Makhleb.
  5120 | D:3      | Found a white marble altar of Elyvilon.
  5261 | D:3      | Reached XP level 6. HP: 39/45 MP: 14/14
  5283 | D:4      | Killed a hippogriff
  5283 | D:4      | Reached skill level 5 in Fire Magic
  5383 | D:4      | Noticed Edmund
  5401 | D:4      | Killed Edmund
  5401 | D:4      | Reached skill level 5 in Conjurations
  5492 | D:4      | Noticed Grinder
  5501 | D:4      | Paralysed by Grinder for 5 turns
  5508 | D:5      | Entered Level 5 of the Dungeon
  5681 | D:5      | Reached XP level 7. HP: 40/50 MP: 12/17
  5758 | D:5      | Found a shattered altar of Ashenzari.
  5784 | D:5      | Found a staircase to the Ecumenical Temple.
  5821 | Temple   | Entered the Ecumenical Temple
  6198 | D:5      | Noticed Sigmund
  6317 | D:6      | Reached skill level 6 in Fire Magic
  7157 | D:5      | Killed Sigmund
  7157 | D:5      | Reached skill level 1 in Armour
  7258 | D:5      | Identified a scroll of acquirement
  7259 | D:5      | Identified Yazd's Papyrus of Execration and Battle Magic (You acquired it on level 5 of the Dungeon)
  7697 | D:6      | Reached XP level 8. HP: 57/57 MP: 9/18
  8048 | D:6      | Learned a level 3 spell: Dazzling Spray
  8690 | D:7      | Noticed Yazd's ghost (experienced HOGl)
  8979 | D:4      | Killed Duvessa
  9046 | D:3      | Killed Dowan
  9554 | D:3      | Killed a phantom
  9908 | D:4      | Found a basalt altar of Yredelemnul.
  9994 | D:4      | Reached skill level 7 in Fire Magic
 10573 | D:7      | Noticed Pikel
 10582 | D:7      | Killed Pikel
 10582 | D:7      | Reached XP level 9. HP: 62/62 MP: 19/19
 10704 | D:8      | Reached skill level 8 in Fire Magic
 10776 | D:8      | Noticed Joseph
 10814 | D:7      | Killed Grinder
 10996 | D:7      | Noticed Prince Ribbit
 11007 | D:7      | Killed Prince Ribbit
 11119 | D:7      | Killed Yazd's ghost
 11199 | D:7      | Found a snail-covered altar of Cheibriados.
 11255 | D:7      | Reached skill level 9 in Fire Magic
 11947 | D:8      | Killed Joseph
 12151 | D:8      | Reached XP level 10. HP: 46/69 MP: 21/21
 12398 | D:8      | Reached skill level 5 in Dodging
 13391 | D:8      | Reached skill level 1 in Fighting
 13844 | D:9      | Found a shimmering altar of Xom.
 14328 | D:10     | Entered Level 10 of the Dungeon
 14335 | D:10     | Noticed a hill giant
 14341 | D:10     | Killed a hill giant
 14482 | D:10     | Reached skill level 5 in Fighting
 14989 | D:10     | Noticed a hill giant
 14993 | D:10     | Killed a hill giant
 15060 | D:10     | Noticed a hill giant
 15067 | D:10     | Killed a hill giant
 15144 | D:10     | Got a dazzling leather armour
 15163 | D:10     | Identified the +0 leather armour "Stroup" {rPois rN+ MR+} (You found it on level 10 of the Dungeon)
 15860 | D:10     | Reached XP level 11. HP: 94/94 MP: 14/21
 16177 | D:10     | Learned a level 5 spell: Fireball
 16428 | D:10     | Noticed a hill giant
 16438 | D:10     | Killed a hill giant
 17035 | D:11     | Found Griror's General Store.
 17038 | D:11     | Bought a potion of heal wounds for 39 gold pieces
 17038 | D:11     | Bought a scroll of identify for 26 gold pieces
 17694 | D:11     | Found a staircase to the Orcish Mines.
 18406 | D:11     | Reached skill level 10 in Fire Magic
 19024 | D:11     | Found a staircase to the Lair.
 19487 | Lair:1   | Entered Level 1 of the Lair of Beasts
 19565 | Lair:1   | Found a labyrinth entrance.
 19596 | Lab      | Entered a labyrinth
 19858 | Lab      | Noticed a minotaur
 19884 | Lab      | Killed a minotaur
 19886 | Lab      | Got a crude tin ring
 20215 | Lab      | Identified the ring "Xoewol Asime" {rF+ MR+ Dex+3} (You took it off a minotaur in a labyrinth)
 20223 | Lab      | Got a fine steel ring
 20232 | Lab      | Identified the ring "Dudghuk" {Str+3 Dex-4 SInv} (You found it in a labyrinth)
 20392 | Lair:1   | Reached skill level 5 in Stealth
 21077 | Lair:1   | Noticed Gartch's ghost (powerful SpEn)
 21844 | Lair:2   | Noticed a seven-headed hydra
 21864 | Lair:2   | Killed a seven-headed hydra
 21864 | Lair:2   | Reached XP level 12. HP: 101/101 MP: 10/27
 22141 | Lair:2   | Reached skill level 5 in Spellcasting
 22367 | Lair:2   | Reached skill level 10 in Conjurations
 23908 | Lair:3   | Noticed Rupert
 24198 | Lair:3   | Found a staircase to the Shoals.
 24708 | Lair:4   | Got a smoking ring mail
 24757 | Lair:3   | Identified the cursed -2 ring mail of Hodajico {Dex+1 Int+3 Slay+2} (You found it on level 4 of the Lair of Beasts)
 24970 | Lair:3   | Reached skill level 11 in Fire Magic
 25424 | Lair:4   | Noticed an eight-headed hydra
 25441 | Lair:4   | Killed an eight-headed hydra
 28772 | Lair:5   | Reached skill level 12 in Fire Magic
 29285 | Lair:5   | Reached XP level 13. HP: 99/107 MP: 23/28
 29296 | Lair:5   | Learned a level 6 spell: Bolt of Fire
 31336 | Lair:6   | Found a shadowy altar of Dithmenos.
 32534 | Lair:6   | Reached skill level 13 in Fire Magic
 33029 | Lair:7   | Gained mutation: You possess an exceptional clarity of mind. [potion of beneficial mutation]
 34636 | Lair:8   | Entered Level 8 of the Lair of Beasts
 35750 | Lair:8   | Found a viscous altar of Jiyva.
 36066 | Lair:8   | Identified the Handbook of Confrontation (You acquired it on level 8 of the Lair of Beasts)
 37046 | Lair:8   | Noticed Erica
 37050 | Lair:8   | Killed Erica
 37050 | Lair:8   | Reached XP level 14. HP: 115/115 MP: 17/30
 37586 | Lair:8   | Learned a level 2 spell: Throw Flame
 39051 | Lair:8   | Found a staircase to the Slime Pits.
 39074 | Lair:8   | Learned a level 1 spell: Animate Skeleton
 39341 | Lair:8   | Reached skill level 1 in Necromancy
 39663 | Lair:8   | Reached skill level 1 in Maces & Flails
 40445 | Lair:1   | Killed Gartch's ghost
 42849 | D:13     | Found Witiun's Jewellery Shop.
 43316 | D:13     | Bought a cursed ring of loudness for 67 gold pieces
 43338 | D:13     | Noticed Josephine
 43349 | D:13     | Killed Josephine
 43349 | D:13     | Reached skill level 5 in Necromancy
 43531 | D:13     | Reached skill level 5 in Maces & Flails
 43822 | D:13     | Found a glowing silver altar of Zin.
 43834 | D:13     | Found a snail-covered altar of Cheibriados.
 43834 | D:13     | Noticed a ghost moth
 43845 | D:13     | a ghost moth changed into a white draconian
 43861 | D:13     | Noticed a storm dragon
 43861 | D:13     | a grey draconian changed into a storm dragon
 43865 | D:13     | a storm dragon changed into a black draconian
 44644 | D:13     | Reached skill level 1 in Shields
 45163 | D:13     | Found a gate to the Vaults.
 45471 | D:13     | Reached XP level 15. HP: 90/121 MP: 7/31
 46304 | Orc:1    | Entered Level 1 of the Orcish Mines
 46345 | Orc:1    | Found Froafiopt's Weapon Boutique.
 46352 | Orc:1    | Found Ploinupn's Weapon Emporium.
 46789 | Orc:1    | Found Cais' Gadget Emporium.
 47289 | Orc:2    | Noticed Eustachio
 47297 | Orc:2    | Killed Eustachio
 47646 | Orc:2    | Reached skill level 5 in Shields
 47819 | Orc:2    | Noticed Erolcha
 47842 | Orc:2    | Killed Erolcha
 48258 | Orc:2    | Found a roughly hewn altar of Beogh.
 49886 | Orc:3    | Gained mutation: Your magical capacity is low (-10% MP). [mutagenic glow]
 49915 | Orc:3    | Found a roughly hewn altar of Beogh.
 50779 | Orc:4    | Entered Level 4 of the Orcish Mines
 52139 | Orc:4    | Found Tres' Armour Shoppe.
 52152 | Orc:4    | Found a staircase to the Elven Halls.
 52661 | Orc:4    | Found a roughly hewn altar of Beogh.
 54797 | Orc:4    | Found Muaxt's Weapon Emporium.
 54797 | Orc:4    | Found Traehee's Book Emporium.
 54797 | Orc:4    | Found Juaruala's Distillery.
 54797 | Orc:4    | Found Xuzerch's Antique Weapon Shoppe.
 54808 | Orc:4    | Bought a potion of magic for 88 gold pieces
 54808 | Orc:4    | Bought a potion of magic for 88 gold pieces
 54814 | Orc:4    | Bought a book of Necromancy for 390 gold pieces
 55455 | D:14     | Got a polished chain mail
 55473 | D:13     | Identified the +4 chain mail "Dell" {rElec rPois} (You found it on level 14 of the Dungeon)
 55679 | D:14     | Noticed emiel's ghost (mighty NaBe)
 55758 | D:14     | Killed emiel's ghost
 56823 | D:14     | You fall through a shaft!
 56823 | D:15     | Entered Level 15 of the Dungeon
 56999 | D:15     | Found a staircase to the Depths.
 57250 | D:15     | Found a shimmering altar of Xom.
 57251 | D:15     | Found a shimmering altar of Xom.
 57251 | D:15     | Found a shimmering altar of Xom.
 57251 | D:15     | Found a shimmering altar of Xom.
 57252 | D:15     | Found a shimmering altar of Xom.
 57611 | D:15     | Reached skill level 10 in Maces & Flails
 57669 | D:15     | Found a shimmering altar of Xom.
 58791 | Lair:3   | Found a hole to the Spider Nest.
 59259 | Lair:3   | Noticed a five-headed hydra
 59261 | Lair:3   | Killed a five-headed hydra
 59327 | Lair:3   | Killed Rupert
 59793 | Spider:1 | Entered Level 1 of the Spider Nest
 59836 | Spider:1 | Reached XP level 16. HP: 126/128 MP: 10/28
 59872 | Spider:1 | Learned a level 3 spell: Vampiric Draining
 61594 | Spider:1 | Noticed Azrael
 62634 | Spider:1 | Killed Azrael
 62856 | Spider:1 | Noticed Maud
 62889 | Spider:1 | Killed Maud
 64040 | Spider:2 | Noticed Frances
 64833 | Spider:2 | Killed Frances
 64833 | Spider:2 | Reached skill level 10 in Dodging
 66795 | Spider:3 | Slain by a wolf spider

Action                   |  1- 3 |  4- 6 |  7- 9 | 10-12 | 13-15 | 16-18 || total
-------------------------+-------+-------+-------+-------+-------+-------++-------
Melee: Spear             |    16 |    51 |    65 |       |       |       ||   132
       Dagger            |    93 |       |       |       |       |       ||    93
       Staff             |       |       |     4 |    52 |   277 |    26 ||   359
       Short sword       |       |       |    13 |    44 |       |       ||    57
       Whip              |       |       |       |    18 |   644 |   320 ||   982
       Mace              |       |       |       |       |    16 |       ||    16
 Fire: Hunting sling     |     1 |    31 |    27 |       |       |       ||    59
Throw: Stone             |     8 |       |       |     4 |       |       ||    12
       Javelin           |       |       |       |    51 |    50 |       ||   101
 Cast: Flame Tongue      |    76 |    61 |   228 |   623 |   270 |       ||  1258
       Conjure Flame     |     2 |     2 |    15 |    25 |    32 |     2 ||    78
       Sticky Flame      |       |     3 |    39 |   178 |   270 |    65 ||   555
       Dazzling Spray    |       |       |    14 |    72 |   109 |    21 ||   216
       Fireball          |       |       |       |    25 |    90 |    17 ||   132
       Bolt of Fire      |       |       |       |       |    85 |    19 ||   104
       Throw Flame       |       |       |       |       |   568 |   152 ||   720
       Animate Skeleton  |       |       |       |       |   193 |    11 ||   204
Evoke: Wand              |       |     1 |       |     9 |    26 |       ||    36
       Deck              |       |       |       |     3 |    11 |       ||    14
       Phial of floods   |       |       |       |       |     1 |     1 ||     2
  Use: Scroll            |     7 |     4 |     9 |    16 |    22 |     6 ||    64
       Potion            |       |       |     4 |     1 |     7 |     6 ||    18
 Stab: Sleeping          |     8 |     3 |     4 |     2 |     9 |     1 ||    27
       Distracted        |       |     1 |       |       |    12 |     3 ||    16
       Invisible         |       |       |       |     2 |     7 |       ||     9
  Eat: Chunk             |     8 |     8 |    37 |    72 |   135 |    24 ||   284
       Pizza             |     1 |       |       |     2 |       |       ||     3
       Bread ration      |       |       |     1 |       |     1 |     2 ||     4
       Fruit             |       |       |       |     4 |    35 |     4 ||    43
       Beef jerky        |       |       |       |     4 |     4 |       ||     8
       Royal jelly       |       |       |       |       |     1 |       ||     1
